AoeStats
← Headhunter_GG

Arabia

510735857Analyzed
2v2 RM · 18h ago on Oct 2, 2026· 37m 57s· 4 players
Game mode
Random Map
Map size
Medium (4 player)
Population
200
Speed
Normal
Resources
Standard
Victory
Conquest
Starting age
Dark Age
Ending age
Imperial Age
RankedLock teamsTeams togetherTeam positionsShared explorationLock speedFull tech treeHidden civsTurbo modeCheats
Victory
Defeat
🇩🇪 Persians · Germany
1274
+11
🇫🇷 Turks · France
1240
+13
🇦🇺 Khmer · Australia
1168
-12
🇦🇺 Armenians · Australia
1167
-12
descof
4:28 Loom
10:13 Feudal Age
11:28 Double-Bit Axe
15:58 Fletching
16:24 Horse Collar
17:14 Padded Archer Armor
21:23 Castle Age
20:04 Gold Mining
20:43 Bloodlines
21:36 Crossbowman
26:45 Wheelbarrow
26:56 Husbandry
26:53 Bodkin Arrow
32:05 Hand Cart
32:16 Bow Saw
32:04 Town Watch
36:09 Imperial Age
38:41 Two-Man Saw
37:43 Heavy Plow
38:30 Conscription
Headhunter_GG
8:40 Feudal Age
9:03 Double-Bit Axe
10:26 Loom
11:11 Horse Collar
14:17 Wheelbarrow
19:51 Castle Age
17:50 Stone Mining
19:36 Gold Mining
20:36 Bow Saw
20:32 Heavy Plow
20:02 Light Cavalry
20:58 Bloodlines
20:49 Husbandry
20:57 Scale Barding Armor
24:21 Hand Cart
27:49 Town Watch
29:34 Forging
29:44 Fletching
31:40 Bodkin Arrow
32:07 Chain Barding Armor
35:46 Imperial Age
35:36 Thumb Ring
36:09 Iron Casting
35:34 Padded Archer Armor
38:05 Town Patrol
38:20 Town Patrol
39:24 Blast Furnace
38:24 Murder Holes
mc394
9:58 Feudal Age
17:51 Castle Age
17:23 Bloodlines
17:17 Gold Mining
17:21 Double-Bit Axe
22:11 Scale Barding Armor
24:38 Forging
26:16 Husbandry
26:58 Chain Barding Armor
27:56 Wheelbarrow
28:44 Loom
31:38 Gold Shaft Mining
32:26 Iron Casting
36:57 Hand Cart
reeree
9:10 Loom
12:48 Feudal Age
14:11 Man-at-Arms
17:19 Horse Collar
17:39 Pikeman
23:38 Scale Mail Armor
23:54 Fletching
29:11 Wheelbarrow
28:54 Double-Bit Axe
Connection lost

Rejoining the realm…

Still unreachable

The connection could not be restored.

Session expired

The server has moved on; the page needs a fresh start.